Calgary Flames vs Minnesota North Stars
(R1)
Created - Saturday, November 2, 2024 at 09:27
Goals
|
| Calgary Flames |
1 |
1 |
0 |
2 |
| Minnesota North Stars |
2 |
1 |
4 |
7 |
|
Shots
|
| Calgary Flames |
13 |
13 |
8 |
34 |
| Minnesota North Stars |
12 |
8 |
18 |
38 |
|
1st period
1. Minnesota North Stars , William Karlsson 22 (Ryan Nugent-Hopkins 22, Dylan DeMelo 9) at 4:40
2. Calgary Flames , Matthew Tkachuk 24 (J.T. Miller 45) at 4:46
3. Minnesota North Stars , Brock Nelson 16 (Lawson Crouse 12, Jack Hughes 24) at 4:56
Penalties :
Lawson Crouse (MNS) for Tripping (Minor) at 5:35, Kris Letang (CGY) for Cross-checking (Minor) at 16:40
2nd period
4. Calgary Flames , Mathieu Joseph 7 (Oliver Bjorkstrand 16) at 4:45
5. Minnesota North Stars , Evan Rodrigues 3 (Justin Faulk 28, Eeli Tolvanen 2) at 9:56
Penalties :
Garnet Hathaway (CGY) for Hooking (Minor) at 12:50, Matthew Tkachuk (CGY) for Tripping (Minor) at 16:31
3rd period
6. Minnesota North Stars , Frank Vatrano 16 (Jack Hughes 25, William Eklund 9) at 3:44 (PP)
7. Minnesota North Stars , Gustav Forsling 3 (Jack Hughes 26, William Eklund 10) at 7:01 (PP)
8. Minnesota North Stars , William Eklund 6 (Eeli Tolvanen 3, Evan Rodrigues 6) at 10:01
9. Minnesota North Stars , William Eklund 7 (Eeli Tolvanen 4, Evan Rodrigues 7) at 19:12
Penalties :
Sebastian Aho (CGY) for Interference (Minor) at 3:30, Nic Dowd (CGY) for High sticking (Minor) at 6:17, Jack Hughes (MNS) for Interference (Minor) at 10:46, Neal Pionk (MNS) for Fighting (Major) at 16:20, Jake Middleton (CGY) for Fighting (Major) at 16:20
Goalie Stats
Samuel Montembeault (CGY), 31 saves from 38 shots - (0.816), L, 5-5-2, 60:00 minutes
Charlie Lindgren (MNS), 32 saves from 34 shots - (0.941), W, 14-12-1, 60:00 minutes
Players Stats for Calgary Flames
Player Name G A P +/- PIM S H SB GA TA FO MP PP MP PK MP
------------------------------------------------------------------------------------
Cole Sillinger 0 0 0 0 0 0 3 0 0 1 1/1 13:05 0:00 0:58
Drew Doughty 0 0 0 -1 0 1 0 0 0 0 0/0 24:38 2:58 3:16
Garnet Hathaway 0 0 0 -2 2 0 2 0 0 0 0/0 8:58 0:00 0:00
J.T. Miller 0 1 1 1 0 2 0 0 1 0 12/18 14:30 1:16 0:19
Jake Middleton 0 0 0 -1 5 1 1 1 0 1 0/0 17:22 0:00 3:20
Jeremy Lauzon 0 0 0 0 0 1 0 0 0 1 0/0 17:27 1:00 0:48
Joel Eriksson Ek 0 0 0 -2 0 7 0 1 0 0 4/4 21:35 2:42 3:20
Kris Letang 0 0 0 -1 2 3 1 1 0 1 0/0 24:00 2:58 2:39
Mathieu Joseph 1 0 1 0 0 5 0 1 1 0 1/1 12:07 0:00 0:00
Matthew Tkachuk 1 0 1 1 2 6 1 0 1 0 1/1 21:17 2:42 2:23
Nic Dowd 0 0 0 -2 2 0 0 1 0 0 2/5 8:58 0:00 0:00
Oliver Bjorkstrand 0 1 1 0 0 2 0 0 1 0 4/11 12:07 0:00 0:00
Pavel Zacha 0 0 0 1 0 0 2 0 0 0 3/8 22:02 2:42 3:38
Rasmus Andersson 0 0 0 -1 0 0 1 2 0 3 0/0 21:57 1:00 3:28
Sebastian Aho 0 0 0 -3 2 2 1 1 1 0 7/11 17:14 1:16 3:12
Vincent Desharnais 0 0 0 -1 0 1 2 1 0 2 0/0 13:39 0:00 0:19
Yakov Trenin 0 0 0 -2 0 1 0 0 0 0 0/0 8:59 0:00 0:00
Zach Hyman 0 0 0 -2 0 2 4 1 1 1 0/1 13:04 1:16 0:00
Players Stats for Minnesota North Stars
Player Name G A P +/- PIM S H SB GA TA FO MP PP MP PK MP
------------------------------------------------------------------------------------
Brock Nelson 1 0 1 0 0 4 0 0 2 0 1/1 16:10 3:26 0:00
Dylan DeMelo 0 1 1 4 0 0 0 2 0 0 0/0 16:37 0:00 0:00
Eeli Tolvanen 0 3 3 3 0 2 0 0 0 0 0/0 9:15 0:00 0:00
Evan Rodrigues 1 2 3 3 0 1 0 0 1 0 4/9 9:15 0:00 0:00
Evgeni Malkin 0 0 0 0 0 3 1 0 1 0 5/15 14:51 3:26 0:02
Frank Vatrano 1 0 1 0 0 1 1 0 0 0 1/2 15:19 3:29 0:00
Gustav Forsling 1 0 1 0 0 2 0 1 1 0 0/0 21:33 3:29 1:59
Jack Hughes 0 3 3 0 2 1 1 0 2 0 6/16 19:43 3:29 0:00
Justin Faulk 0 1 1 -1 0 0 0 2 1 0 0/0 23:08 3:26 1:59
Lawson Crouse 0 1 1 0 2 4 0 0 0 1 2/2 14:47 0:00 1:08
Matt Roy 0 0 0 4 0 0 0 0 0 0 0/0 15:45 0:00 0:00
Neal Pionk 0 0 0 0 5 0 1 0 1 1 0/0 19:20 3:29 1:59
Rasmus Dahlin 0 0 0 -1 0 1 3 3 0 0 0/0 23:36 3:26 1:59
Ryan Nugent-Hopkins 0 1 1 0 0 4 2 0 1 1 4/5 16:58 0:00 1:45
Valeri Nichushkin 0 0 0 0 0 4 1 1 0 1 0/1 16:35 0:00 1:47
William Eklund 2 2 4 3 0 5 0 0 0 0 0/0 12:52 3:29 0:00
William Karlsson 1 0 1 0 0 3 0 0 0 1 3/8 13:55 0:00 2:11
Yegor Sharangovich 0 0 0 0 0 3 0 1 0 1 0/2 16:20 3:26 1:03
3 Stars
1 - William Eklund (MNS)
2 - Evan Rodrigues (MNS)
3 - Eeli Tolvanen (MNS)
Power Play
Calgary Flames - 0 on 2 Attempt(s) - 0.00%
Minnesota North Stars - 2 on 5 Attempt(s) - 40.00%
Penalty Kill
Calgary Flames - 3 on 5 Attempt(s) - 60.00%
- Score 0 goal in Penalty Kill
Minnesota North Stars - 2 on 2 Attempt(s) - 100.00%
- Score 0 goal in Penalty Kill
Team Stat
Calgary Flames - Hits : 18 - Faceoff Wins : 35 - Blocked Shots : 10 - Penalty Minutes : 15
Minnesota North Stars - Hits : 10 - Faceoff Wins : 26 - Blocked Shots : 10 - Penalty Minutes : 9
Official
Referees : Reid Anderson and Ian Walsh
Linesman : Kiel Murchison and Trent Knorr
Game Notes
4:46 of 1st period - Calgary Flames goal is going for a video replay. After video review, Goal.
Neal Pionk beats up Jake Middleton at 16:20 of 3rd period
Finance
Level 1 -- Attendance: 4743 (79.05%) -- Ticket Income $474,300
Level 2 -- Attendance: 3947 (78.94%) -- Ticket Income $236,820
Level 3 -- Attendance: 2209 (73.63%) -- Ticket Income $77,315
Level 4 -- Attendance: 3625 (72.50%) -- Ticket Income $90,625
Luxury Box -- Attendance: 721 (72.10%) -- Ticket Income $144,200
Game was played at the Met Center.
Total Attendance: 15245 (76.23%)
Total Ticket Income: $1,023,260
Other Income: $358,141
Total Income: $1,381,401
Calgary Flames
5 vs 5 Forward
Center Left Wing Right Wing Time % Phy DF OF
1 J.T. Miller Pavel Zacha Matthew Tkachuk 30 1 2 2
2 Sebastian Aho Zach Hyman Joel Eriksson Ek 30 1 2 2
3 Oliver Bjorkstrand Cole Sillinger Mathieu Joseph 25 1 2 2
4 Nic Dowd Yakov Trenin Garnet Hathaway 15 1 2 2
5 vs 5 Defense
Defense Defense Time % Phy DF OF
1 Drew Doughty Kris Letang 35 1 2 2
2 Rasmus Andersson Jake Middleton 35 1 2 2
3 Jeremy Lauzon Vincent Desharnais 30 1 2 2
4 Drew Doughty Kris Letang 0 1 2 2
PowerPlay Forward
Center Left Wing Right Wing Time % Phy DF OF
1 Joel Eriksson Ek Pavel Zacha Matthew Tkachuk 50 1 2 2
2 Sebastian Aho Zach Hyman J.T. Miller 50 1 2 2
PowerPlay Defense
Defense Defense Time % Phy DF OF
1 Drew Doughty Kris Letang 50 1 2 2
2 Rasmus Andersson Jeremy Lauzon 50 1 2 2
Penalty Kill 4 Players Forward
Center Wing Time % Phy DF OF
1 Pavel Zacha Sebastian Aho 50 1 2 2
2 Joel Eriksson Ek Matthew Tkachuk 50 1 2 2
Penalty Kill 4 Players Defense
Defense Defense Time % Phy DF OF
1 Drew Doughty Kris Letang 50 1 2 2
2 Rasmus Andersson Jake Middleton 50 1 2 2
Penalty Kill - 3 Players Forward
Forward Time % Phy DF OF
1 Matthew Tkachuk 50 1 2 2
2 Sebastian Aho 50 1 2 2
Penalty Kill - 3 Players Defense
Defense Defense Time % Phy DF OF
1 Drew Doughty Kris Letang 50 1 2 2
2 Rasmus Andersson Jeremy Lauzon 50 1 2 2
4 vs 4 Forward
Center Wing Time % Phy DF OF
1 Pavel Zacha Sebastian Aho 50 1 2 2
2 Joel Eriksson Ek Matthew Tkachuk 50 1 2 2
4 vs 4 Defense
Defense Defense Time % Phy DF OF
1 Drew Doughty Kris Letang 50 1 2 2
2 Rasmus Andersson Jake Middleton 50 1 2 2
Last Minutes Offensive
Center Left Wing Right Wing Defense Defense
J.T. Miller Pavel Zacha Matthew Tkachuk Drew Doughty Kris Letang
Last Minutes Defensive
Center Left Wing Right Wing Defense Defense
J.T. Miller Pavel Zacha Matthew Tkachuk Drew Doughty Kris Letang
Goaltenders
Starting : Samuel Montembeault
Backup : Ilya Sorokin
Extra Forwards
Normal : Nic Dowd, Oliver Bjorkstrand, Cole Sillinger - PP : Nic Dowd, Oliver Bjorkstrand - PK : Cole Sillinger
Extra Defensemen
Normal : Jake Middleton, Jeremy Lauzon, Rasmus Andersson - PP : Jake Middleton - PK : Jeremy Lauzon, Rasmus Andersson
Penalty Shots
J.T. Miller, Sebastian Aho, Joel Eriksson Ek, Matthew Tkachuk, Pavel Zacha
Scratches
Jeff Petry (Healthy), Timo Meier (Healthy), Noel Acciari (Healthy), Rafael Harvey-Pinard (Healthy)
Minnesota North Stars
5 vs 5 Forward
Center Left Wing Right Wing Time % Phy DF OF
1 Evgeni Malkin Valeri Nichushkin Frank Vatrano 28 0 1 4
2 Jack Hughes Brock Nelson Lawson Crouse 28 0 1 4
3 William Karlsson Ryan Nugent-Hopkins Yegor Sharangovich 28 0 1 4
4 Evan Rodrigues William Eklund Eeli Tolvanen 16 0 2 3
5 vs 5 Defense
Defense Defense Time % Phy DF OF
1 Rasmus Dahlin Justin Faulk 34 0 3 2
2 Neal Pionk Gustav Forsling 33 0 3 2
3 Dylan DeMelo Matt Roy 33 0 4 1
4 Rasmus Dahlin Justin Faulk 0 1 2 2
PowerPlay Forward
Center Left Wing Right Wing Time % Phy DF OF
1 Jack Hughes William Eklund Frank Vatrano 50 0 0 5
2 Evgeni Malkin Yegor Sharangovich Brock Nelson 50 0 0 5
PowerPlay Defense
Defense Defense Time % Phy DF OF
1 Rasmus Dahlin Justin Faulk 50 0 1 4
2 Neal Pionk Gustav Forsling 50 0 1 4
Penalty Kill 4 Players Forward
Center Wing Time % Phy DF OF
1 William Karlsson Lawson Crouse 50 1 3 1
2 Ryan Nugent-Hopkins Valeri Nichushkin 50 1 3 1
Penalty Kill 4 Players Defense
Defense Defense Time % Phy DF OF
1 Rasmus Dahlin Justin Faulk 50 2 3 0
2 Neal Pionk Gustav Forsling 50 2 3 0
Penalty Kill - 3 Players Forward
Forward Time % Phy DF OF
1 William Karlsson 50 1 3 1
2 Ryan Nugent-Hopkins 50 1 3 1
Penalty Kill - 3 Players Defense
Defense Defense Time % Phy DF OF
1 Rasmus Dahlin Justin Faulk 50 2 3 0
2 Neal Pionk Gustav Forsling 50 2 3 0
4 vs 4 Forward
Center Wing Time % Phy DF OF
1 Jack Hughes Ryan Nugent-Hopkins 50 0 1 4
2 William Karlsson William Eklund 50 0 1 4
4 vs 4 Defense
Defense Defense Time % Phy DF OF
1 Rasmus Dahlin Justin Faulk 50 0 2 3
2 Neal Pionk Gustav Forsling 50 0 2 3
Last Minutes Offensive
Center Left Wing Right Wing Defense Defense
Jack Hughes Valeri Nichushkin Frank Vatrano Rasmus Dahlin Justin Faulk
Last Minutes Defensive
Center Left Wing Right Wing Defense Defense
William Karlsson Valeri Nichushkin Frank Vatrano Gustav Forsling Neal Pionk
Goaltenders
Starting : Charlie Lindgren
Backup : Stuart Skinner
Extra Forwards
Normal : William Eklund, Ryan Nugent-Hopkins, Yegor Sharangovich - PP : William Eklund, Ryan Nugent-Hopkins - PK : Yegor Sharangovich
Extra Defensemen
Normal : Dylan DeMelo, Matt Roy, Neal Pionk - PP : Dylan DeMelo - PK : Matt Roy, Neal Pionk
Penalty Shots
Valeri Nichushkin, Evgeni Malkin, William Karlsson, Jack Hughes, Brock Nelson
Scratches
Jonas Brodin (Healthy), Viktor Arvidsson (Sports Hernia Injury), Roni Hirvonen (Healthy), Oskari Salminen (Healthy)
% Time on Ice - Calgary Flames
Lines # - Real PCT - Wanted PCT - Time Play
Normal Forward
1 - 32% - 30% - 15:42
2 - 25% - 30% - 12:19
3 - 25% - 25% - 12:07
4 - 18% - 15% - 8:59
Normal Defense
1 - 37% - 35% - 18:24
2 - 37% - 35% - 18:24
3 - 25% - 30% - 12:19
4 - 0% - 0% - 0:00
PP Forward
1 - 68% - 50% - 2:42
2 - 32% - 50% - 1:16
PP Defense
1 - 75% - 50% - 2:58
2 - 25% - 50% - 1:00
PK Forward
1 - 44% - 50% - 3:03
2 - 56% - 50% - 3:52
PK Defense
1 - 52% - 50% - 3:35
2 - 48% - 50% - 3:20
PK3 Forward
1 - 0% - 50%
2 - 0% - 50%
PK3 Defense
1 - 0% - 50%
2 - 0% - 50%
44 Forward
1 - 0% - 50%
2 - 0% - 50%
44 Defense
1 - 0% - 50%
2 - 0% - 50%
Last Minute Offensive - 0:00
Last Minute Defensive - 0:00
Total
Forward - 60:00
Defense - 60:00
|
% Time on Ice - Minnesota North Stars
Lines # - Real PCT - Wanted PCT - Time Play
Normal Forward
1 - 24% - 28% - 11:55
2 - 33% - 28% - 16:13
3 - 24% - 28% - 11:44
4 - 19% - 16% - 9:15
Normal Defense
1 - 36% - 34% - 17:43
2 - 33% - 33% - 16:05
3 - 31% - 33% - 15:19
4 - 0% - 0% - 0:00
PP Forward
1 - 50% - 50% - 3:29
2 - 50% - 50% - 3:26
PP Defense
1 - 50% - 50% - 3:26
2 - 50% - 50% - 3:29
PK Forward
1 - 56% - 50% - 2:13
2 - 44% - 50% - 1:45
PK Defense
1 - 50% - 50% - 1:59
2 - 50% - 50% - 1:59
PK3 Forward
1 - 0% - 50%
2 - 0% - 50%
PK3 Defense
1 - 0% - 50%
2 - 0% - 50%
44 Forward
1 - 0% - 50%
2 - 0% - 50%
44 Defense
1 - 0% - 50%
2 - 0% - 50%
Last Minute Offensive - 0:00
Last Minute Defensive - 0:00
Total
Forward - 60:00
Defense - 60:00
|
Play-by-Play
1st period
0:01 of 1st period - Evgeni Malkin wins face-off versus J.T. Miller in neutral zone.
0:06 of 1st period - Snap shot by Valeri Nichushkin.
0:06 of 1st period - Stopped by Samuel Montembeault with a rebound.
0:52 of 1st period - Wrist shot by Ryan Nugent-Hopkins.
0:52 of 1st period - Deflect By William Karlsson.
0:52 of 1st period - Shot Misses the Net.
0:52 of 1st period - Puck is out of play.
0:53 of 1st period - Mathieu Joseph wins face-off versus Evan Rodrigues in Calgary Flames zone.
1:00 of 1st period - Wrist shot by Mathieu Joseph.
1:00 of 1st period - Stopped by Charlie Lindgren without a rebound.
1:01 of 1st period - Nic Dowd wins face-off versus Evan Rodrigues in Minnesota North Stars zone.
3:03 of 1st period - Backhand shot by Joel Eriksson Ek.
3:03 of 1st period - Shot Blocked by Yegor Sharangovich.
3:05 of 1st period - Slapshot by Kris Letang.
3:05 of 1st period - Shot Blocked by Gustav Forsling.
3:47 of 1st period - Snap shot by Mathieu Joseph.
3:47 of 1st period - Shot Misses the Net.
3:49 of 1st period - Slapshot by Kris Letang.
3:49 of 1st period - Stopped by Charlie Lindgren with a rebound.
4:22 of 1st period - Backhand shot by William Karlsson.
4:22 of 1st period - Stopped by Samuel Montembeault without a rebound.
4:23 of 1st period - Sebastian Aho wins face-off versus William Karlsson in Calgary Flames zone.
4:40 of 1st period - Slapshot by William Karlsson.
4:40 of 1st period - Goal by William Karlsson - Calgary Flames : 0 - Minnesota North Stars : 1.
4:41 of 1st period - J.T. Miller wins face-off versus Jack Hughes in neutral zone.
4:44 of 1st period - Wrist shot by J.T. Miller.
4:44 of 1st period - Stopped by Charlie Lindgren with a rebound.
4:46 of 1st period - Snap shot by Matthew Tkachuk.
4:46 of 1st period - Calgary Flames goal is going for a video replay.
4:46 of 1st period - The goal is good.
4:46 of 1st period - Goal by Matthew Tkachuk - Calgary Flames : 1 - Minnesota North Stars : 1.
4:47 of 1st period - Cole Sillinger wins face-off versus Jack Hughes in neutral zone.
4:56 of 1st period - Wrist shot by Lawson Crouse.
4:56 of 1st period - Deflect By Brock Nelson.
4:56 of 1st period - Goal by Brock Nelson - Calgary Flames : 1 - Minnesota North Stars : 2.
4:57 of 1st period - Evgeni Malkin wins face-off versus Pavel Zacha in neutral zone.
5:35 of 1st period - Minor Penalty to Lawson Crouse for Tripping.
5:36 of 1st period - Joel Eriksson Ek wins face-off versus William Karlsson in Minnesota North Stars zone.
5:50 of 1st period - Wrist shot by Matthew Tkachuk.
5:50 of 1st period - Shot Blocked by Rasmus Dahlin.
5:52 of 1st period - Slapshot by Kris Letang.
5:52 of 1st period - Stopped by Charlie Lindgren without a rebound.
5:53 of 1st period - Ryan Nugent-Hopkins wins face-off versus Sebastian Aho in Minnesota North Stars zone.
5:53 of 1st period - Ryan Nugent-Hopkins is hit by Sebastian Aho.
6:13 of 1st period - Ryan Nugent-Hopkins is hit by Zach Hyman and loses puck.
6:35 of 1st period - Slapshot by William Karlsson.
6:35 of 1st period - Stopped by Samuel Montembeault with a rebound.
7:02 of 1st period - Rasmus Dahlin is hit by Pavel Zacha and loses puck.
7:35 of 1st period - Penalty to Lawson Crouse is over, Lawson Crouse is back on ice.
9:17 of 1st period - Snap shot by Brock Nelson.
9:17 of 1st period - Stopped by Samuel Montembeault without a rebound.
9:18 of 1st period - Sebastian Aho wins face-off versus William Karlsson in Calgary Flames zone.
9:18 of 1st period - Sebastian Aho is hit by Ryan Nugent-Hopkins.
9:24 of 1st period - Rasmus Dahlin is hit by Zach Hyman and loses puck.
10:28 of 1st period - Wrist shot by Jack Hughes.
10:28 of 1st period - Deflect By Lawson Crouse.
10:28 of 1st period - Stopped by Samuel Montembeault with a rebound.
10:30 of 1st period - Snap shot by Lawson Crouse.
10:30 of 1st period - Stopped by Samuel Montembeault without a rebound.
10:31 of 1st period - William Karlsson wins face-off versus J.T. Miller in Calgary Flames zone.
12:04 of 1st period - Wrist shot by Matthew Tkachuk.
12:04 of 1st period - Stopped by Charlie Lindgren with a rebound.
12:06 of 1st period - Wrist shot by Matthew Tkachuk.
12:06 of 1st period - Stopped by Charlie Lindgren without a rebound.
12:07 of 1st period - Jack Hughes wins face-off versus Zach Hyman in Minnesota North Stars zone.
12:47 of 1st period - Icing by J.T. Miller.
12:48 of 1st period - J.T. Miller wins face-off versus Evgeni Malkin in Calgary Flames zone.
12:48 of 1st period - J.T. Miller is hit by Valeri Nichushkin.
12:58 of 1st period - Slapshot by Evgeni Malkin.
12:58 of 1st period - Stopped by Samuel Montembeault with a rebound.
14:49 of 1st period - Slapshot by Kris Letang.
14:49 of 1st period - Stopped by Charlie Lindgren without a rebound.
14:50 of 1st period - Sebastian Aho wins face-off versus Evgeni Malkin in Minnesota North Stars zone.
14:51 of 1st period - Snap shot by Zach Hyman.
14:51 of 1st period - Shot Misses the Net.
14:53 of 1st period - Snap shot by Sebastian Aho.
14:53 of 1st period - Shot Misses the Net.
14:55 of 1st period - Snap shot by Zach Hyman.
14:55 of 1st period - Stopped by Charlie Lindgren with a rebound.
14:57 of 1st period - Wrist shot by Kris Letang.
14:57 of 1st period - Shot Blocked by Justin Faulk.
14:59 of 1st period - Snap shot by Sebastian Aho.
14:59 of 1st period - Shot Misses the Net.
15:01 of 1st period - Snap shot by Drew Doughty.
15:01 of 1st period - Shot Blocked by Rasmus Dahlin.
15:03 of 1st period - Backhand shot by Joel Eriksson Ek.
15:03 of 1st period - Stopped by Charlie Lindgren with a rebound.
15:55 of 1st period - Icing by Cole Sillinger.
15:56 of 1st period - Evgeni Malkin wins face-off versus Oliver Bjorkstrand in Calgary Flames zone.
15:59 of 1st period - Wrist shot by Valeri Nichushkin.
15:59 of 1st period - Shot Misses the Net.
16:01 of 1st period - Slapshot by Frank Vatrano.
16:01 of 1st period - Deflect By Valeri Nichushkin.
16:01 of 1st period - Stopped by Samuel Montembeault with a rebound.
16:31 of 1st period - Slapshot by Yegor Sharangovich.
16:31 of 1st period - Shot Blocked by Kris Letang.
16:40 of 1st period - Minor Penalty to Kris Letang for Cross-checking.
16:41 of 1st period - Pavel Zacha wins face-off versus Jack Hughes in Calgary Flames zone.
17:17 of 1st period - Wrist shot by Yegor Sharangovich.
17:17 of 1st period - Stopped by Samuel Montembeault with a rebound.
17:19 of 1st period - Slapshot by Rasmus Dahlin.
17:19 of 1st period - Deflect By Evgeni Malkin.
17:19 of 1st period - Stopped by Samuel Montembeault with a rebound.
18:31 of 1st period - Icing by Neal Pionk.
18:32 of 1st period - Joel Eriksson Ek wins face-off versus Jack Hughes in Minnesota North Stars zone.
18:40 of 1st period - Penalty to Kris Letang is over, Kris Letang is back on ice.
19:10 of 1st period - Valeri Nichushkin is hit by Vincent Desharnais and loses puck.
19:19 of 1st period - Matt Roy is hit by Garnet Hathaway.
19:33 of 1st period - Wrist shot by Yakov Trenin.
19:33 of 1st period - Stopped by Charlie Lindgren with a rebound.
19:35 of 1st period - Slapshot by Kris Letang.
19:35 of 1st period - Shot Blocked by Dylan DeMelo.
19:37 of 1st period - Snap shot by Kris Letang.
19:37 of 1st period - Shot Misses the Net.
19:39 of 1st period - Slapshot by Drew Doughty.
19:39 of 1st period - Stopped by Charlie Lindgren without a rebound.
19:40 of 1st period - J.T. Miller wins face-off versus William Karlsson in Minnesota North Stars zone.
19:47 of 1st period - Snap shot by Matthew Tkachuk.
19:47 of 1st period - Shot Blocked by Rasmus Dahlin.
19:49 of 1st period - Slapshot by J.T. Miller.
19:49 of 1st period - Stopped by Charlie Lindgren with a rebound.
19:51 of 1st period - Wrist shot by Matthew Tkachuk.
19:51 of 1st period - Shot Misses the Net.
Goals for this period are 1 for Calgary Flames vs 2 for Minnesota North Stars.
Shots for this period are 13 for Calgary Flames vs 12 for Minnesota North Stars.
2nd period
0:01 of 2nd period - Sebastian Aho wins face-off versus Evgeni Malkin in neutral zone.
0:26 of 2nd period - Snap shot by Matthew Tkachuk.
0:26 of 2nd period - Shot Misses the Net.
0:32 of 2nd period - Matthew Tkachuk is hit by Ryan Nugent-Hopkins and loses puck.
1:06 of 2nd period - Icing by Neal Pionk.
1:07 of 2nd period - Nic Dowd wins face-off versus Jack Hughes in Minnesota North Stars zone.
1:24 of 2nd period - Backhand shot by Sebastian Aho.
1:24 of 2nd period - Shot Misses the Net.
1:34 of 2nd period - Gustav Forsling is hit by Rasmus Andersson and loses puck.
1:39 of 2nd period - Snap shot by Oliver Bjorkstrand.
1:39 of 2nd period - Stopped by Charlie Lindgren with a rebound.
1:47 of 2nd period - Slapshot by Brock Nelson.
1:47 of 2nd period - Stopped by Samuel Montembeault without a rebound.
1:48 of 2nd period - J.T. Miller wins face-off versus Evgeni Malkin in Calgary Flames zone.
1:53 of 2nd period - Slapshot by Valeri Nichushkin.
1:53 of 2nd period - Stopped by Samuel Montembeault without a rebound.
1:54 of 2nd period - Evgeni Malkin wins face-off versus J.T. Miller in Calgary Flames zone.
2:09 of 2nd period - Wrist shot by Evgeni Malkin.
2:09 of 2nd period - Stopped by Samuel Montembeault without a rebound.
2:10 of 2nd period - Joel Eriksson Ek wins face-off versus Yegor Sharangovich in Calgary Flames zone.
2:37 of 2nd period - Wrist shot by Evgeni Malkin.
2:37 of 2nd period - Shot Blocked by Rasmus Andersson.
2:44 of 2nd period - Icing by Jake Middleton.
2:45 of 2nd period - J.T. Miller wins face-off versus Evgeni Malkin in Calgary Flames zone.
3:31 of 2nd period - Icing by Matthew Tkachuk.
3:32 of 2nd period - Evan Rodrigues wins face-off versus J.T. Miller in Calgary Flames zone.
3:53 of 2nd period - Snap shot by Matthew Tkachuk.
3:53 of 2nd period - Stopped by Charlie Lindgren without a rebound.
3:54 of 2nd period - Joel Eriksson Ek wins face-off versus Ryan Nugent-Hopkins in Minnesota North Stars zone.
4:01 of 2nd period - Snap shot by Sebastian Aho.
4:01 of 2nd period - Stopped by Charlie Lindgren with a rebound.
4:05 of 2nd period - Wrist shot by Joel Eriksson Ek.
4:05 of 2nd period - Stopped by Charlie Lindgren with a rebound.
4:07 of 2nd period - Backhand shot by Joel Eriksson Ek.
4:07 of 2nd period - Stopped by Charlie Lindgren without a rebound.
4:08 of 2nd period - Sebastian Aho wins face-off versus Evgeni Malkin in Minnesota North Stars zone.
4:13 of 2nd period - Snap shot by Zach Hyman.
4:13 of 2nd period - Deflect By Joel Eriksson Ek.
4:13 of 2nd period - Shot Misses the Net.
4:13 of 2nd period - Puck is out of play.
4:14 of 2nd period - Evgeni Malkin wins face-off versus Sebastian Aho in Minnesota North Stars zone.
4:41 of 2nd period - Wrist shot by Joel Eriksson Ek.
4:41 of 2nd period - Shot Blocked by Justin Faulk.
4:43 of 2nd period - Snap shot by Zach Hyman.
4:43 of 2nd period - Deflect By Rasmus Dahlin.
4:43 of 2nd period - Shot Misses the Net.
4:43 of 2nd period - Puck is out of play.
4:44 of 2nd period - Oliver Bjorkstrand wins face-off versus Yegor Sharangovich in Minnesota North Stars zone.
4:45 of 2nd period - Wrist shot by Mathieu Joseph.
4:45 of 2nd period - Goal by Mathieu Joseph - Calgary Flames : 2 - Minnesota North Stars : 2.
4:46 of 2nd period - Ryan Nugent-Hopkins wins face-off versus Oliver Bjorkstrand in neutral zone.
6:00 of 2nd period - Slapshot by Oliver Bjorkstrand.
6:00 of 2nd period - Deflect By Mathieu Joseph.
6:00 of 2nd period - Stopped by Charlie Lindgren without a rebound.
6:01 of 2nd period - Evan Rodrigues wins face-off versus Oliver Bjorkstrand in Minnesota North Stars zone.
6:12 of 2nd period - Backhand shot by Oliver Bjorkstrand.
6:12 of 2nd period - Stopped by Charlie Lindgren with a rebound.
6:24 of 2nd period - Wrist shot by William Eklund.
6:24 of 2nd period - Shot Blocked by Rasmus Andersson.
6:33 of 2nd period - Icing by Jake Middleton.
6:34 of 2nd period - Jack Hughes wins face-off versus Sebastian Aho in Calgary Flames zone.
6:35 of 2nd period - Snap shot by Brock Nelson.
6:35 of 2nd period - Shot Misses the Net.
7:16 of 2nd period - Wrist shot by Joel Eriksson Ek.
7:16 of 2nd period - Shot Misses the Net.
7:18 of 2nd period - Snap shot by Joel Eriksson Ek.
7:18 of 2nd period - Shot Misses the Net.
7:23 of 2nd period - Icing by Dylan DeMelo.
7:24 of 2nd period - Frank Vatrano wins face-off versus J.T. Miller in Minnesota North Stars zone.
9:40 of 2nd period - Drew Doughty is hit by Rasmus Dahlin.
9:52 of 2nd period - Snap shot by Eeli Tolvanen.
9:52 of 2nd period - Shot Misses the Net.
9:54 of 2nd period - Backhand shot by Justin Faulk.
9:54 of 2nd period - Shot Blocked by Sebastian Aho.
9:56 of 2nd period - Slapshot by Evan Rodrigues.
9:56 of 2nd period - Goal by Evan Rodrigues - Calgary Flames : 2 - Minnesota North Stars : 3.
9:57 of 2nd period - J.T. Miller wins face-off versus Jack Hughes in neutral zone.
10:13 of 2nd period - Backhand shot by Brock Nelson.
10:13 of 2nd period - Stopped by Samuel Montembeault with a rebound.
10:23 of 2nd period - Rasmus Dahlin is hit by Cole Sillinger and loses puck.
10:51 of 2nd period - Snap shot by Zach Hyman.
10:51 of 2nd period - Stopped by Charlie Lindgren with a rebound.
10:53 of 2nd period - Wrist shot by Zach Hyman.
10:53 of 2nd period - Deflect By Sebastian Aho.
10:53 of 2nd period - Stopped by Charlie Lindgren with a rebound.
10:57 of 2nd period - Wrist shot by Sebastian Aho.
10:57 of 2nd period - Shot Misses the Net.
11:07 of 2nd period - William Eklund is hit by Garnet Hathaway and loses puck.
11:26 of 2nd period - Snap shot by Lawson Crouse.
11:26 of 2nd period - Stopped by Samuel Montembeault with a rebound.
11:50 of 2nd period - Frank Vatrano is hit by Zach Hyman.
11:56 of 2nd period - Joel Eriksson Ek is hit by Rasmus Dahlin and loses puck.
12:26 of 2nd period - Icing by Rasmus Dahlin.
12:27 of 2nd period - Ryan Nugent-Hopkins wins face-off versus Nic Dowd in Minnesota North Stars zone.
12:50 of 2nd period - Minor Penalty to Garnet Hathaway for Hooking.
12:51 of 2nd period - Brock Nelson wins face-off versus Pavel Zacha in Calgary Flames zone.
13:02 of 2nd period - Wrist shot by Matthew Tkachuk.
13:02 of 2nd period - Stopped by Charlie Lindgren with a rebound.
14:41 of 2nd period - Rasmus Andersson is hit by Neal Pionk and loses puck.
14:50 of 2nd period - Penalty to Garnet Hathaway is over, Garnet Hathaway is back on ice.
15:01 of 2nd period - Icing by Rasmus Andersson.
15:02 of 2nd period - William Karlsson wins face-off versus Nic Dowd in Calgary Flames zone.
15:09 of 2nd period - Wrist shot by William Karlsson.
15:09 of 2nd period - Shot Misses the Net.
15:11 of 2nd period - Wrist shot by Ryan Nugent-Hopkins.
15:11 of 2nd period - Stopped by Samuel Montembeault with a rebound.
15:13 of 2nd period - Wrist shot by Ryan Nugent-Hopkins.
15:13 of 2nd period - Stopped by Samuel Montembeault with a rebound.
15:15 of 2nd period - Wrist shot by Ryan Nugent-Hopkins.
15:15 of 2nd period - Shot Blocked by Jake Middleton.
15:17 of 2nd period - Slapshot by Matt Roy.
15:17 of 2nd period - Shot Blocked by Nic Dowd.
15:19 of 2nd period - Slapshot by Matt Roy.
15:19 of 2nd period - Shot Misses the Net.
16:07 of 2nd period - Wrist shot by Evgeni Malkin.
16:07 of 2nd period - Shot Misses the Net.
16:12 of 2nd period - Off-side.
16:13 of 2nd period - J.T. Miller wins face-off versus Jack Hughes in neutral zone.
16:31 of 2nd period - Minor Penalty to Matthew Tkachuk for Tripping.
16:32 of 2nd period - Pavel Zacha wins face-off versus Evgeni Malkin in Calgary Flames zone.
18:30 of 2nd period - William Eklund is hit by Jake Middleton and loses puck.
18:31 of 2nd period - Penalty to Matthew Tkachuk is over, Matthew Tkachuk is back on ice.
18:55 of 2nd period - Wrist shot by Joel Eriksson Ek.
18:55 of 2nd period - Stopped by Charlie Lindgren with a rebound.
18:57 of 2nd period - Snap shot by Jake Middleton.
18:57 of 2nd period - Stopped by Charlie Lindgren without a rebound.
18:58 of 2nd period - William Karlsson wins face-off versus Oliver Bjorkstrand in Minnesota North Stars zone.
19:38 of 2nd period - Lawson Crouse is hit by Vincent Desharnais and loses puck.
19:59 of 2nd period - Gustav Forsling is hit by Pavel Zacha and loses puck.
Goals for this period are 1 for Calgary Flames vs 1 for Minnesota North Stars.
Shots for this period are 13 for Calgary Flames vs 8 for Minnesota North Stars.
3rd period
0:01 of 3rd period - J.T. Miller wins face-off versus Jack Hughes in neutral zone.
0:55 of 3rd period - Snap shot by Evgeni Malkin.
0:55 of 3rd period - Shot Misses the Net.
0:57 of 3rd period - Snap shot by Gustav Forsling.
0:57 of 3rd period - Stopped by Samuel Montembeault with a rebound.
0:59 of 3rd period - Wrist shot by Evgeni Malkin.
0:59 of 3rd period - Shot Blocked by Mathieu Joseph.
1:01 of 3rd period - Wrist shot by Evgeni Malkin.
1:01 of 3rd period - Shot Misses the Net.
1:11 of 3rd period - Snap shot by Evan Rodrigues.
1:11 of 3rd period - Deflect By William Eklund.
1:11 of 3rd period - Shot Misses the Net.
1:11 of 3rd period - Puck is out of play.
1:12 of 3rd period - Evan Rodrigues wins face-off versus Nic Dowd in Calgary Flames zone.
1:26 of 3rd period - Off-side.
1:27 of 3rd period - J.T. Miller wins face-off versus Jack Hughes in neutral zone.
1:39 of 3rd period - Snap shot by Lawson Crouse.
1:39 of 3rd period - Stopped by Samuel Montembeault with a rebound.
2:18 of 3rd period - Wrist shot by Valeri Nichushkin.
2:18 of 3rd period - Stopped by Samuel Montembeault with a rebound.
2:46 of 3rd period - Snap shot by Eeli Tolvanen.
2:46 of 3rd period - Stopped by Samuel Montembeault without a rebound.
2:47 of 3rd period - J.T. Miller wins face-off versus Jack Hughes in Calgary Flames zone.
2:47 of 3rd period - J.T. Miller is hit by Jack Hughes.
3:13 of 3rd period - Gustav Forsling is hit by Zach Hyman and loses puck.
3:30 of 3rd period - Minor Penalty to Sebastian Aho for Interference.
3:31 of 3rd period - Jack Hughes wins face-off versus Pavel Zacha in Calgary Flames zone.
3:36 of 3rd period - Slapshot by William Eklund.
3:36 of 3rd period - Stopped by Samuel Montembeault with a rebound.
3:38 of 3rd period - Snap shot by William Eklund.
3:38 of 3rd period - Stopped by Samuel Montembeault without a rebound.
3:39 of 3rd period - Jack Hughes wins face-off versus Pavel Zacha in Calgary Flames zone.
3:44 of 3rd period - Snap shot by Frank Vatrano.
3:44 of 3rd period - Goal by Frank Vatrano - Calgary Flames : 2 - Minnesota North Stars : 4.
3:45 of 3rd period - Lawson Crouse wins face-off versus J.T. Miller in neutral zone.
4:11 of 3rd period - Rasmus Dahlin is hit by Cole Sillinger and loses puck.
4:40 of 3rd period - Wrist shot by Ryan Nugent-Hopkins.
4:40 of 3rd period - Shot Blocked by Zach Hyman.
4:42 of 3rd period - Slapshot by Rasmus Dahlin.
4:42 of 3rd period - Deflect By Ryan Nugent-Hopkins.
4:42 of 3rd period - Stopped by Samuel Montembeault with a rebound.
4:44 of 3rd period - Snap shot by Yegor Sharangovich.
4:44 of 3rd period - Stopped by Samuel Montembeault with a rebound.
4:46 of 3rd period - Backhand shot by Ryan Nugent-Hopkins.
4:46 of 3rd period - Stopped by Samuel Montembeault without a rebound.
4:47 of 3rd period - J.T. Miller wins face-off versus Evgeni Malkin in Calgary Flames zone.
4:47 of 3rd period - J.T. Miller is hit by Evgeni Malkin.
4:52 of 3rd period - Off-side.
4:53 of 3rd period - Matthew Tkachuk wins face-off versus Frank Vatrano in neutral zone.
6:17 of 3rd period - Minor Penalty to Nic Dowd for High sticking.
6:18 of 3rd period - Pavel Zacha wins face-off versus Evgeni Malkin in Calgary Flames zone.
6:31 of 3rd period - Wrist shot by Yegor Sharangovich.
6:31 of 3rd period - Stopped by Samuel Montembeault with a rebound.
6:33 of 3rd period - Snap shot by Rasmus Dahlin.
6:33 of 3rd period - Stopped by Samuel Montembeault with a rebound.
6:35 of 3rd period - Slapshot by Justin Faulk.
6:35 of 3rd period - Shot Blocked by Joel Eriksson Ek.
6:47 of 3rd period - Icing by Rasmus Dahlin.
6:48 of 3rd period - Jack Hughes wins face-off versus Pavel Zacha in Minnesota North Stars zone.
6:59 of 3rd period - Wrist shot by Jack Hughes.
6:59 of 3rd period - Stopped by Samuel Montembeault with a rebound.
7:01 of 3rd period - Slapshot by Gustav Forsling.
7:01 of 3rd period - Goal by Gustav Forsling - Calgary Flames : 2 - Minnesota North Stars : 5.
7:02 of 3rd period - J.T. Miller wins face-off versus William Karlsson in neutral zone.
8:00 of 3rd period - Snap shot by Mathieu Joseph.
8:00 of 3rd period - Stopped by Charlie Lindgren with a rebound.
8:38 of 3rd period - Slapshot by Matthew Tkachuk.
8:38 of 3rd period - Stopped by Charlie Lindgren without a rebound.
8:39 of 3rd period - Sebastian Aho wins face-off versus Valeri Nichushkin in Minnesota North Stars zone.
8:46 of 3rd period - Slapshot by Joel Eriksson Ek.
8:46 of 3rd period - Stopped by Charlie Lindgren with a rebound.
8:48 of 3rd period - Slapshot by Jeremy Lauzon.
8:48 of 3rd period - Shot Blocked by Valeri Nichushkin.
8:50 of 3rd period - Snap shot by Vincent Desharnais.
8:50 of 3rd period - Stopped by Charlie Lindgren with a rebound.
8:52 of 3rd period - Slapshot by Joel Eriksson Ek.
8:52 of 3rd period - Shot Misses the Net.
9:51 of 3rd period - Backhand shot by Oliver Bjorkstrand.
9:51 of 3rd period - Shot Misses the Net.
10:01 of 3rd period - Slapshot by William Eklund.
10:01 of 3rd period - Goal by William Eklund - Calgary Flames : 2 - Minnesota North Stars : 6.
10:02 of 3rd period - Sebastian Aho wins face-off versus Evgeni Malkin in neutral zone.
10:09 of 3rd period - Snap shot by Zach Hyman.
10:09 of 3rd period - Shot Misses the Net.
10:46 of 3rd period - Minor Penalty to Jack Hughes for Interference.
10:47 of 3rd period - Ryan Nugent-Hopkins wins face-off versus Sebastian Aho in Minnesota North Stars zone.
12:06 of 3rd period - Lawson Crouse is hit by Matthew Tkachuk.
12:10 of 3rd period - Lawson Crouse is hit by Kris Letang and loses puck.
12:46 of 3rd period - Penalty to Jack Hughes is over, Jack Hughes is back on ice.
14:19 of 3rd period - Snap shot by Matthew Tkachuk.
14:19 of 3rd period - Deflect By Joel Eriksson Ek.
14:19 of 3rd period - Stopped by Charlie Lindgren with a rebound.
15:36 of 3rd period - Snap shot by Joel Eriksson Ek.
15:36 of 3rd period - Stopped by Charlie Lindgren with a rebound.
16:14 of 3rd period - Off-side.
16:15 of 3rd period - Oliver Bjorkstrand wins face-off versus Evan Rodrigues in neutral zone.
16:20 of 3rd period - Neal Pionk beats up Jake Middleton.
16:20 of 3rd period - Penalty to Neal Pionk for Fighting.
16:20 of 3rd period - Penalty to Jake Middleton for Fighting.
16:21 of 3rd period - Evan Rodrigues wins face-off versus Oliver Bjorkstrand in neutral zone.
16:30 of 3rd period - Wrist shot by William Eklund.
16:30 of 3rd period - Stopped by Samuel Montembeault with a rebound.
16:32 of 3rd period - Snap shot by Eeli Tolvanen.
16:32 of 3rd period - Shot Misses the Net.
16:34 of 3rd period - Snap shot by William Eklund.
16:34 of 3rd period - Shot Misses the Net.
17:03 of 3rd period - Icing by Evan Rodrigues.
17:04 of 3rd period - Oliver Bjorkstrand wins face-off versus Evan Rodrigues in Minnesota North Stars zone.
17:07 of 3rd period - Slapshot by Oliver Bjorkstrand.
17:07 of 3rd period - Shot Misses the Net.
17:09 of 3rd period - Slapshot by Jeremy Lauzon.
17:09 of 3rd period - Stopped by Charlie Lindgren without a rebound.
17:10 of 3rd period - Oliver Bjorkstrand wins face-off versus Evan Rodrigues in Minnesota North Stars zone.
17:11 of 3rd period - Wrist shot by Mathieu Joseph.
17:11 of 3rd period - Stopped by Charlie Lindgren with a rebound.
17:36 of 3rd period - Icing by Gustav Forsling.
17:37 of 3rd period - Lawson Crouse wins face-off versus Oliver Bjorkstrand in Minnesota North Stars zone.
17:42 of 3rd period - Dylan DeMelo is hit by Cole Sillinger and loses puck.
18:38 of 3rd period - Snap shot by Garnet Hathaway.
18:38 of 3rd period - Shot Blocked by Dylan DeMelo.
18:54 of 3rd period - Snap shot by Evan Rodrigues.
18:54 of 3rd period - Shot Blocked by Vincent Desharnais.
18:56 of 3rd period - Snap shot by Eeli Tolvanen.
18:56 of 3rd period - Stopped by Samuel Montembeault with a rebound.
18:58 of 3rd period - Snap shot by Evan Rodrigues.
18:58 of 3rd period - Shot Misses the Net.
19:12 of 3rd period - Slapshot by William Eklund.
19:12 of 3rd period - Goal by William Eklund - Calgary Flames : 2 - Minnesota North Stars : 7.
19:13 of 3rd period - Jack Hughes wins face-off versus Oliver Bjorkstrand in neutral zone.
19:39 of 3rd period - Mathieu Joseph is hit by Frank Vatrano and loses puck.
19:54 of 3rd period - Jeremy Lauzon is hit by Rasmus Dahlin and loses puck.
Goals for this period are 0 for Calgary Flames vs 4 for Minnesota North Stars.
Shots for this period are 8 for Calgary Flames vs 18 for Minnesota North Stars.
Back to the Top